 Dungeon Crawl Stone Soup version 0.30-a0-141-g30f27751c5 (webtiles) character file.

Game seed: 4934848984625192432

229 qw the Chopper (level 6, 0/38 HPs)
             Began as a Gargoyle Fighter on Sept 25, 2022.
             Slain by a gnoll
             ... wielding a +0 halberd
             ... led by a gnoll bouda
              (1 damage)
             ... on level 4 of the Dungeon.
             The game lasted 00:01:21 (2979 turns).

qw the Chopper (Gargoyle Fighter)                   Turns: 2979, Time: 00:01:21

Health: 0/38       AC: 14    Str: 22    XL:     6   Next: 3%
Magic:  6/6        EV:  7    Int:  8    God:
Gold:   121        SH:  5    Dex: 15    Spells: 5/5 levels left

rFire   . . .      SeeInvis .    Y - +1 war axe
rCold   . . .      Faith    .    c - +0 buckler
rNeg    + + .      Spirit   .    n - +0 chain mail
rPois   inf        Reflect  .    l - +0 helmet
rElec   +          Harm     .    (no cloak)
rCorr   .          Rampage  .    (no gloves)
Will    .....                    (no boots)
Stlth   ..........               (no amulet)
HPRegen 0.12/turn                e - ring of positive energy
MPRegen 0.10/turn                k - +6 ring of dexterity

@: about to teleport
A: sickness immunity, AC +4, negative energy resistance 1, electricity
resistance, torment resistance 1, petrification resistance
a: no special abilities


You were on level 4 of the Dungeon.
You visited 1 branch of the dungeon, and saw 4 of its levels.

You collected 135 gold pieces.
You spent 14 gold pieces at shops.


Innate Abilities, Weirdness & Mutations

You are immune to sickness and miasma.
Your stone body is resilient. (AC +4)
You are immune to poison.
You resist negative energy. (rN+)
You are resistant to electric shocks. (rElec)
You are resistant to unholy torment.
You are immune to petrification.


   Skills:
 - Level 3.9 Fighting
 - Level 5.0 Axes
 - Level 1.0 Throwing
 - Level 3.2 Armour
 + Level 0.4 Dodging
 - Level 3.2 Shields


You had 5 spell levels left.
You didn't know any spells.
Your spell library was empty.

Inventory:

Hand Weapons
 b - a +0 mace
 Y - a +1 war axe (weapon)
Missiles
 o - a javelin (quivered)
Armour
 c - a +0 buckler (worn)
 l - a +0 helmet (worn)
 n - a +0 chain mail (worn)
Jewellery
 e - a ring of positive energy (left hand)
 k - a +6 ring of dexterity (right hand)
Scrolls
 f - a scroll of identify
Potions
 d - 2 potions of might
 h - a potion of invisibility {unknown}
 i - a potion of curing {unknown}
 j - a potion of brilliance {unknown}
 m - a potion of cancellation {unknown}
 p - a potion of magic {unknown}

Dungeon Overview and Level Annotations

Branches:
Dungeon (4/15)
 Temple: D:4-7

Altars:
Ashenzari
Gozag
Yredelemnul

Shops:
D:1 [((


Message History

You slash the adder!
You kill the adder!
The scorpion stings you but does no damage.
A gnoll comes into view. It is wielding a +0 whip.
The gnoll hits you but does no damage.
You have reached level 6!
You barely miss the scorpion.
The scorpion is severely wounded.
The scorpion stings you but does no damage.
You block the gnoll's attack.
The gnoll hits you from afar with a +0 halberd.
The scorpion barely misses you.
A kobold comes into view. It is wielding a +0 short sword.
The gnoll bouda barks out a call to the hunt!
The gnoll picks up the pace!
A gnoll comes into view. It is wielding a +0 whip.
The gnoll hits you but does no damage.
You closely miss the scorpion.
The scorpion is severely wounded.
You hit the gnoll bouda.
The gnoll hits you from afar with a +0 halberd!
The scorpion stings you but does no damage.
The gnoll bouda hits you but does no damage.
You block the gnoll's attack. The gnoll closely misses you.
2978 ||| READING scroll of teleportation.
As you read the scroll of teleportation, it crumbles to dust.
You feel strangely unstable. You block the scorpion's attack.
The gnoll bouda hits you but does no damage.
The gnoll hits you from afar with a +0 halberd.
The scorpion barely misses you.
The gnoll hits you from afar with a +0 halberd.
You barely miss the scorpion.
The scorpion is severely wounded.
You hit the gnoll bouda but do no damage.
The gnoll bouda barks out a call to the hunt!
The gnoll picks up the pace!
The gnoll barely misses you. The scorpion barely misses you.
The gnoll hits you from afar with a +0 halberd.
You die...

#. .## #.##+#..
#.:....#
#......#
#.....g#
#..g.g.#
#..sg..#
#.)@g..#
#?.%...#
#......#
#........
........K..#
..........>..+
#...!......####
#..........#


You could see a gnoll bouda, a scorpion, 4 gnolls and a kobold.

Vanquished Creatures
  A hound (D:3)
  Ijyb (D:3)
  A hound zombie (D:3)
  Robin (D:3)
  4 adders
  2 adder zombies (D:3)
  2 worms (D:3)
  3 dart slugs
  An orc (D:3)
  4 ball pythons
  6 bats
  7 endoplasms
  2 giant cockroaches
  16 goblins
  10 hobgoblins
  15 jackals
  5 kobolds
  A quokka (D:2)
  3 frilled lizards
  A giant cockroach zombie (D:3)
  5 rats
91 creatures vanquished.

Vanquished Creatures (others)
  A plant (D:1)
1 creature vanquished.

Grand Total: 92 creatures vanquished

Notes
Turn   | Place    | Note
-------+----------+-------------------------------------------
     0 | D:1      | qw the Gargoyle Fighter began the quest for the Orb.
     0 | D:1      | Reached XP level 1. HP: 14/14 MP: 1/1
     0 | D:1      | 0 ||| qw: Version: 0.2-a-10-g399e6c4
     0 | D:1      | 0 ||| qw: Game counter: 210
     0 | D:1      | 0 ||| qw: Always use a shield: true
     0 | D:1      | 0 ||| qw: God list: Okawaru
     0 | D:1      | 0 ||| qw: Allow faded altars: false
     0 | D:1      | 0 ||| qw: Do Orc after D:15 true
     0 | D:1      | 0 ||| qw: Do second Lair branch before Depths: true
     0 | D:1      | 0 ||| qw: Lair rune preference: random
     0 | D:1      | 0 ||| qw: Plans: Normal, Zot:1-4, God:TSO, Crypt, Tomb,
                  | Pan, Slime:5, Hells, Abyss, Orb
     0 | D:1      | 0 ||| PLANNING D:1-11
    26 | D:1      | Found Suar's Antique Weapon Emporium.
    27 | D:1      | Found Fauciew's Antique Armour Boutique.
    44 | D:1      | Reached skill level 2 in Axes
    46 | D:1      | Reached XP level 2. HP: 14/19 MP: 2/2
   149 | D:1      | 149 ||| SHOPLISTING bloodstained ring mail (216 gold, have
                  | 20).
   149 | D:1      | 149 ||| SHOPLISTING chain mail (108 gold, have 20).
   149 | D:1      | 149 ||| SHOPLISTING heavily runed fire dragon scales (1560
                  | gold, have 20).
   149 | D:1      | 149 ||| SHOPLISTING runed plate armour (624 gold, have 20).
   149 | D:1      | 149 ||| SHOPLISTING scorched shadow dragon scales (2040
                  | gold, have 20).
   149 | D:1      | 149 ||| Stepping ~*~*~tactically~*~*~ (stealth).
   196 | D:1      | Found Doydoest's Weapon Shop.
   212 | D:1      | 212 ||| BUYING +0 club (14 gold).
   212 | D:1      | Bought a +0 club for 14 gold pieces
   358 | D:1      | Found a faded altar of an unknown god.
   363 | D:1      | 363 ||| Stepping ~*~*~tactically~*~*~ (stealth).
   364 | D:1      | 364 ||| Stepping ~*~*~tactically~*~*~ (stealth).
   443 | D:1      | Reached skill level 3 in Axes
   517 | D:1      | Reached XP level 3. HP: 19/23 MP: 3/3
   715 | D:1      | 715 ||| UPGRADING to ring of positive energy.
   716 | D:1      | 716 ||| READING scroll labelled WIRPHISE EKKAHELLO.
   717 | D:1      | 717 ||| READING scroll labelled ZEUVEQ YZUIR.
   813 | D:2      | 813 ||| Stepping ~*~*~tactically~*~*~ (stealth).
   838 | D:2      | 838 ||| Stepping ~*~*~tactically~*~*~ (stealth).
   840 | D:2      | 840 ||| Stepping ~*~*~tactically~*~*~ (stealth).
   853 | D:2      | 853 ||| Stepping ~*~*~tactically~*~*~ (stealth).
   866 | D:2      | 866 ||| Stepping ~*~*~tactically~*~*~ (stealth).
   872 | D:2      | 872 ||| Stepping ~*~*~tactically~*~*~ (stealth).
   874 | D:2      | 874 ||| Stepping ~*~*~tactically~*~*~ (stealth).
  1236 | D:2      | 1236 ||| Stepping ~*~*~tactically~*~*~ (stealth).
  1237 | D:2      | 1237 ||| Stepping ~*~*~tactically~*~*~ (stealth).
  1270 | D:2      | 1270 ||| Stepping ~*~*~tactically~*~*~ (hiding).
  1317 | D:2      | 1317 ||| Stepping ~*~*~tactically~*~*~ (stealth).
  1320 | D:2      | 1320 ||| Stepping ~*~*~tactically~*~*~ (stealth).
  1323 | D:2      | Reached XP level 4. HP: 28/28 MP: 4/4
  1337 | D:2      | Reached skill level 1 in Throwing
  1337 | D:2      | 1337 ||| Stepping ~*~*~tactically~*~*~ (stealth).
  1437 | D:2      | Found a broken altar of Ashenzari.
  1734 | D:2      | 1734 ||| UPGRADING to +0 chain mail.
  1744 | D:2      | 1744 ||| DROPPING +0 scale mail.
  1745 | D:2      | 1745 ||| READING 3 scrolls labelled OJEPPEPPUUG.
  1750 | D:2      | 1750 ||| READING 3 scrolls labelled QUSHROA PONAXT.
  1751 | D:2      | 1751 ||| READING scroll labelled WAV XAQUXUDWI.
  1752 | D:2      | 1752 ||| READING scroll labelled SUMOAT WIERUGE.
  1753 | D:2      | 1753 ||| DROPPING 2 scrolls of immolation.
  1784 | D:3      | Found an opulent altar of Gozag.
  1785 | D:3      | 1785 ||| DROPPING +0 club.
  1919 | D:3      | Reached skill level 4 in Axes
  1919 | D:3      | Found a basalt altar of Yredelemnul.
  2054 | D:3      | Reached XP level 5. HP: 29/32 MP: 5/5
  2108 | D:3      | 2108 ||| Stepping ~*~*~tactically~*~*~ (stealth).
  2161 | D:3      | Noticed Robin
  2162 | D:3      | 2162 ||| Stepping ~*~*~tactically~*~*~ (hiding).
  2164 | D:3      | 2164 ||| Stepping ~*~*~tactically~*~*~ (hiding).
  2168 | D:3      | 2168 ||| Stepping ~*~*~tactically~*~*~ (stealth).
  2195 | D:3      | HP: 7/32 [Robin/+0 vorpal spear (2)]
  2196 | D:3      | 2196 ||| READING 3 scrolls of teleportation.
  2200 | D:3      | 2200 ||| READING 2 scrolls of teleportation.
  2225 | D:3      | 2225 ||| Stepping ~*~*~tactically~*~*~ (stealth).
  2226 | D:3      | 2226 ||| Stepping ~*~*~tactically~*~*~ (stealth).
  2230 | D:3      | 2230 ||| Stepping ~*~*~tactically~*~*~ (stealth).
  2231 | D:3      | 2231 ||| Stepping ~*~*~tactically~*~*~ (stealth).
  2240 | D:3      | 2240 ||| Stepping ~*~*~tactically~*~*~ (stealth).
  2242 | D:3      | 2242 ||| Stepping ~*~*~tactically~*~*~ (stealth).
  2247 | D:3      | 2247 ||| Stepping ~*~*~tactically~*~*~ (stealth).
  2249 | D:3      | 2249 ||| Stepping ~*~*~tactically~*~*~ (stealth).
  2458 | D:3      | 2458 ||| Stepping ~*~*~tactically~*~*~ (stealth).
  2460 | D:3      | 2460 ||| Stepping ~*~*~tactically~*~*~ (stealth).
  2602 | D:3      | Killed Robin
  2603 | D:3      | Reached skill level 5 in Axes
  2742 | D:3      | Noticed Ijyb
  2763 | D:3      | Killed Ijyb
  2956 | D:3      | 2956 ||| UPGRADING to +0 helmet.
  2961 | D:3      | 2961 ||| UPGRADING to +6 ring of dexterity.
  2962 | D:3      | 2962 ||| READING scroll labelled JYWKUFIEGATUM.
  2963 | D:3      | 2963 ||| READING scroll labelled GITSEJISTRUVVIE.
  2964 | D:3      | 2964 ||| READING scroll labelled SEKLOIPSUSH.
  2968 | D:4      | 2968 ||| PLANNING SEWER
  2976 | D:4      | Reached XP level 6. HP: 19/38 MP: 6/6
  2977 | D:4      | HP: 8/38 [gnoll/+0 halberd[a gnoll bouda] (8)]
  2978 | D:4      | 2978 ||| READING scroll of teleportation.
  2978 | D:4      | HP: 2/38 [gnoll/+0 halberd[a gnoll bouda] (6)]
  2979 | D:4      | Slain by a gnoll

Levels and vault maps discovered:
D:1:      wander_arrival_lonely_grave, layout_basic, serial_shops, shop,
          nicolae_shop_competitors_out_of_business, shop,
          shapermc_ecumenical_altar_gd
D:2:      layout_basic, basic_altar, minmay_pentomino_pile
D:3:      layout_basic, nicolae_yredelemnul_corpse_copse,
          nicolae_gozag_seed_capital, uniq_robin, uniq_ijyb
D:4:      layout_basic, led_sif_pool, gup_sewer_entry_bowl, chequers_big_river,
          uniq_sigmund

Skill      XL: |  1  2  3  4  5 |
---------------+----------------+-----
Axes           | 2 3 4 5 |  5.0
Throwing       | 1 |  1.0
Fighting       | |  3.9
Armour         | |  3.2
Dodging        | |  0.4
Shields        | |  3.2

Action                   |  1- 3 |  4- 6 || total
-------------------------+-------+-------++-------
Melee: War axe           |   121 |   158 ||   279
Throw: Javelin           |     7 |    17 ||    24
  Use: Scroll            |     2 |    10 ||    12
Armor: Scale mail        |    60 |    10 ||    70
       Chain mail        |       |    96 ||    96
Dodge: Dodged            |    54 |    62 ||   116
Block: Buckler           |    24 |    33 ||    57

Table legend:
 A = Non-vault XP
 B = Vault XP
 C = Vault XP percentage of total XP
 D = Non-vault monster count
 E = Vault monster count
 F = Vault count percentage of total count
                 A         B        C        D         E       F
            +---------+---------+-------+---------+---------+-------
      Total |     222 |     106 |  32.3 |      70 |      21 |  23.1
            +---------+---------+-------+---------+---------+-------
        D:1 |      38 |       0 |   0.0 |      21 |       0 |   0.0
        D:2 |      52 |       7 |  11.9 |      22 |       5 |  18.5
        D:3 |     117 |      99 |  45.8 |      25 |      16 |  39.0
        D:4 |      15 |       0 |   0.0 |       2 |       0 |   0.0
            +---------+---------+-------+---------+---------+-------
